[Event "Titled Tuesday Blitz February 14 Late 2023"]
[White "Bellissimo, Joseph F."]
[Black "Nakamura, Hikaru"]
[WhiteFideId "2609843"]
[BlackFideId "2016192"]
[WhiteElo "2203"]
[BlackElo "2775"]
[Result "0-1"]
[Round "01"]
[TimeControl "180+2"]
[Date "2023.02.14"]
[WhiteClock "0:00:17"]
[BlackClock "0:01:59"]

1. e4 g6 2. d4 Bg7 3. Nc3 a6 4. a4 b6 5. f4 c6 6. Be2 d5 7. e5 h5 8. Nf3 Bg4 9. Ng5 Bxe2 10. Nxe2 Nh6 11. Ng3 e6 12. h4 c5 13. c3 Nc6 14. O-O c4 15. b4 cxb3 16. Ba3 Na5 17. Qd3 Qd7 18. Rfb1 Bf8 19. Bb4 Nc4 20. Rxb3 a5 21. Bxf8 Kxf8 22. Rb5 Rc8 23. Rf1 Kg7 24. Qe2 Rc6 25. Nh1 Nf5 26. g3 Nce3 27. Rc1 Rhc8 28. Qd3 Qc7 29. Rb3 Rc4 30. Nf3 Rxa4 31. Rxb6 Qxb6 32. Kh2 Qb2+ 33. Kh3 Qg2# 0-1


[Site "https://www.chess.com"]

[Event "Titled Tuesday Blitz February 14 Late 2023"]
[White "Naroditsky, Daniel"]
[Black "Karas, Marek"]
[WhiteFideId "2026961"]
[BlackFideId "14928558"]
[WhiteElo "2618"]
[BlackElo "2227"]
[Result "1-0"]
[Round "01"]
[TimeControl "180+2"]
[Date "2023.02.14"]
[WhiteClock "0:01:00"]
[BlackClock "0:00:13"]

1. e4 e6 2. d4 d5 3. e5 c5 4. c3 Qb6 5. Nf3 Bd7 6. Bd3 Bb5 7. O-O Bxd3 8. Qxd3 Nc6 9. dxc5 Bxc5 10. Nbd2 a5 11. Nb3 a4 12. Nxc5 Qxc5 13. Be3 Qa5 14. Rab1 Nge7 15. b4 axb3 16. axb3 Qa6 17. Qd2 O-O 18. Bc5 Rfd8 19. h4 h6 20. h5 b6 21. Be3 Nf5 22. Bf4 d4 23. c4 b5 24. g4 Nfe7 25. Bxh6 gxh6 26. Qxh6 Nxe5 27. Nxe5 Qd6 28. Qg5+ Kf8 29. Qf6 1-0


[Site "https://www.chess.com"]

[Event "Titled Tuesday Blitz February 14 Late 2023"]
[White "Prem, Pranav"]
[Black "Yu, Yangyi"]
[WhiteFideId "30901057"]
[BlackFideId "8603820"]
[WhiteElo "2061"]
[BlackElo "2729"]
[Result "0-1"]
[Round "01"]
[TimeControl "180+2"]
[Date "2023.02.14"]
[WhiteClock "0:00:14"]
[BlackClock "0:00:12"]

1. d4 Nf6 2. c4 e6 3. Nf3 b6 4. g3 Ba6 5. Qc2 c5 6. d5 exd5 7. cxd5 Bb7 8. Bg2 Nxd5 9. O-O Be7 10. Ne5 Qc7 11. Qe4 O-O 12. Rd1 f5 13. Qc4 Qxe5 14. Nc3 Kh8 15. Nxd5 Nc6 16. Bf4 Qe6 17. Rac1 Bd8 18. Qc3 Nd4 19. Rxd4 cxd4 20. Qxd4 Rc8 21. Rxc8 Bxc8 22. Nc3 Bf6 23. Qb4 Re8 24. Be3 Qe7 25. Qc4 Bxc3 26. Qxc3 d6 27. Bd4 Bb7 28. Bf1 Bd5 29. a3 h6 30. Qd2 Kh7 31. Qc3 Qe4 32. f3 Qe7 33. Bf2 Qd7 34. Qd3 Qe6 35. Bh3 Rf8 36. e4 Bc4 37. Qc2 g6 38. exf5 gxf5 39. Qc3 Qe2 40. Qd4 Rf7 41. Qxd6 Qxf3 42. Qd4 Bd5 43. Kf1 Qh1+ 44. Ke2 Qe4+ 45. Qxe4 Bxe4 46. Be3 Rd7 47. b4 Kg6 48. Bf1 Bd3+ 49. Kf2 Bxf1 50. Kxf1 Rd3 51. Bf4 Rxa3 52. Bd6 a5 53. bxa5 Rxa5 54. Bc7 Ra1+ 55. Kf2 b5 56. Bd6 Rd1 57. Bc5 Rd5 58. Be7 h5 59. Kf3 Rd4 60. Bc5 Rc4 61. Be3 Rc3 62. Ke2 Rxe3+ 63. Kxe3 Kg5 64. h3 b4 65. Kd4 f4 66. gxf4+ Kxf4 67. Kc4 Kg3 68. Kxb4 Kxh3 69. Kc3 h4 70. Kd4 Kg2 71. Ke3 h3 72. Ke2 h2 73. Ke3 h1=Q 0-1


[Site "https://www.chess.com"]

[Event "Titled Tuesday Blitz February 14 Late 2023"]
[White "Mamedov, Rauf"]
[Black "Novikov, Evgenij"]
[WhiteFideId "13401653"]
[BlackFideId "4125380"]
[WhiteElo "2646"]
[BlackElo "2276"]
[Result "1-0"]
[Round "01"]
[TimeControl "180+2"]
[Date "2023.02.14"]
[WhiteClock "0:01:14"]
[BlackClock "0:00:03"]

1. e4 c6 2. Nc3 d5 3. Nf3 g6 4. d4 Bg7 5. h3 dxe4 6. Nxe4 Nd7 7. Bc4 Ngf6 8. Nxf6+ Nxf6 9. O-O O-O 10. c3 Qc7 11. Re1 c5 12. dxc5 Qxc5 13. Qb3 e6 14. Bf4 a6 15. a4 Rd8 16. Be3 Qe7 17. Bb6 Re8 18. Rad1 Nd7 19. Be3 Ne5 20. Nxe5 Bxe5 21. a5 Bc7 22. Bb6 Bxb6 23. Qxb6 Rb8 24. Bxa6 Bd7 25. Bf1 Bc6 26. a6 Rec8 27. a7 Ra8 28. b4 Qc7 29. Qxc7 Rxc7 30. b5 Bxb5 31. Bxb5 Rxa7 32. c4 Kg7 33. Rd3 Ra2 34. Red1 Kf6 35. Rd7 Rxd7 36. Rxd7 1-0


[Site "https://www.chess.com"]

[Event "Titled Tuesday Blitz February 14 Late 2023"]
[White "Hnydiuk, Aleksander"]
[Black "Andreikin, Dmitry"]
[WhiteFideId "1109057"]
[BlackFideId "4158814"]
[WhiteElo "2363"]
[BlackElo "2729"]
[Result "0-1"]
[Round "01"]
[TimeControl "180+2"]
[Date "2023.02.14"]
[WhiteClock "0:00:16"]
[BlackClock "0:02:20"]

1. e4 e6 2. d4 d5 3. e5 c5 4. c3 Qb6 5. Nf3 Bd7 6. Be2 cxd4 7. cxd4 Bb5 8. O-O Bxe2 9. Qxe2 Nc6 10. Nc3 Nge7 11. Be3 Nf5 12. Rac1 Be7 13. Na4 Qa5 14. Nc5 Bxc5 15. Rxc5 Qxa2 16. Qb5 O-O 17. Qxb7 Nce7 18. Bg5 Rab8 19. Qd7 Ng6 20. g4 Nh6 21. h3 Qxb2 22. Rc7 Qe2 23. Nd2 Nxg4 0-1


[Site "https://www.chess.com"]

[Event "Titled Tuesday Blitz February 14 Late 2023"]
[White "Sarana, Alexey"]
[Black "Donskov, Anatoly"]
[WhiteFideId "24133795"]
[BlackFideId "24143413"]
[WhiteElo "2685"]
[BlackElo "2279"]
[Result "1-0"]
[Round "01"]
[TimeControl "180+2"]
[Date "2023.02.14"]
[WhiteClock "0:01:59"]
[BlackClock "0:00:08"]

1. c4 e6 2. Nf3 d5 3. d4 Nf6 4. Nc3 c6 5. e3 Nbd7 6. Bd3 dxc4 7. Bxc4 b5 8. Bd3 a6 9. e4 c5 10. d5 c4 11. Bc2 Nc5 12. O-O Bb7 13. Qe2 Be7 14. d6 Bxd6 15. e5 Bxf3 16. gxf3 Bc7 17. exf6 gxf6 18. f4 Rg8+ 19. Kh1 f5 20. Rd1 Qh4 21. Qf3 Rd8 22. Rxd8+ Kxd8 23. Be3 Nd3 24. Bxd3 cxd3 25. Qa8+ 1-0


[Site "https://www.chess.com"]

[Event "Titled Tuesday Blitz February 14 Late 2023"]
[White "Reprintsev, Alexander"]
[Black "Paravyan, David"]
[WhiteFideId "14100541"]
[BlackFideId "4194985"]
[WhiteElo "2253"]
[BlackElo "2601"]
[Result "0-1"]
[Round "01"]
[TimeControl "180+2"]
[Date "2023.02.14"]
[WhiteClock "0:00:15"]
[BlackClock "0:00:12"]

1. e4 e5 2. Nf3 Nf6 3. Nc3 Nc6 4. d4 exd4 5. Nxd4 Bb4 6. Nxc6 bxc6 7. Bd3 O-O 8. O-O d5 9. Bg5 Bxc3 10. bxc3 dxe4 11. Bc4 Qd6 12. Qe2 Ng4 13. f4 exf3 14. gxf3 Qc5+ 15. Kh1 Qxg5 16. fxg4 Bxg4 17. Qe4 Bh5 18. Qxc6 Rae8 19. Bd3 Bg6 20. Bxg6 Qxg6 21. Qxc7 Re2 22. Qg3 Qc6+ 23. Qf3 Qxf3+ 24. Rxf3 Rxc2 25. a4 Rd8 26. Re1 g6 27. h4 Rdd2 28. Rh3 h5 29. Ra1 a5 30. Kg1 Kg7 31. Kh1 Rg2 32. Ra3 Rg4 33. Ra1 Re4 34. Kg1 Rg4+ 35. Kh1 Rc4 36. Ra3 Kf6 37. Kg1 Kf5 38. Rf3+ Rf4 39. Rxf4+ Kxf4 40. Rb3 Ra2 41. Rb7 Kg3 42. Rxf7 Ra1+ 43. Rf1 Rxf1+ 44. Kxf1 Kxh4 45. c4 Kg5 46. c5 Kf6 47. c6 Ke7 0-1


[Site "https://www.chess.com"]

[Event "Titled Tuesday Blitz February 14 Late 2023"]
[White "Bluebaum, Matthias"]
[Black "Petrovic, Aleksa"]
[WhiteFideId "24651516"]
[BlackFideId "967629"]
[WhiteElo "2669"]
[BlackElo "2332"]
[Result "1-0"]
[Round "01"]
[TimeControl "180+2"]
[Date "2023.02.14"]
[WhiteClock "0:01:59"]
[BlackClock "0:00:06"]

1. d4 Nf6 2. c4 e6 3. Nc3 Bb4 4. e3 O-O 5. Bd2 c5 6. a3 Bxc3 7. Bxc3 Ne4 8. Ne2 b6 9. d5 Bb7 10. f3 Qh4+ 11. g3 Nxc3 12. Nxc3 Qh6 13. Qd2 exd5 14. cxd5 Re8 15. e4 Qxd2+ 16. Kxd2 Ba6 17. Bxa6 Nxa6 18. Nb5 Kf8 19. Rhe1 Re7 20. e5 f6 21. f4 Rd8 22. Rad1 Nb8 23. Nd6 Na6 24. Kc3 Nc7 25. Kc4 Ne8 26. Nf5 Rf7 27. e6 dxe6 28. dxe6 Rxd1 29. Rxd1 Rc7 30. Rd8 g6 31. Nd6 Re7 32. Kd5 a5 33. a4 h5 34. h4 f5 35. b3 b5 36. axb5 c4 37. bxc4 a4 38. Ra8 a3 39. Nxe8 Rxe8 40. Rxa3 1-0


[Site "https://www.chess.com"]

[Event "Titled Tuesday Blitz February 14 Late 2023"]
[White "Fiorito, Francisco"]
[Black "Fedoseev, Vladimir"]
[WhiteFideId "180165"]
[BlackFideId "24130737"]
[WhiteElo "2305"]
[BlackElo "2680"]
[Result "0-1"]
[Round "01"]
[TimeControl "180+2"]
[Date "2023.02.14"]
[WhiteClock "0:00:01"]
[BlackClock "0:01:02"]

1. d4 Nf6 2. Nc3 d5 3. Bf4 a6 4. e3 e6 5. g4 Bb4 6. Ne2 Nxg4 7. Rg1 e5 8. dxe5 Nc6 9. a3 Bxc3+ 10. Nxc3 d4 11. exd4 Qxd4 12. Qxd4 Nxd4 13. O-O-O Nf3 14. Rg3 Nfxh2 15. f3 Nf2 16. Be2 Nxd1 17. Nxd1 Bf5 18. Rxg7 Bg6 19. e6 Ke7 20. exf7 Kf6 21. f8=Q+ Rhxf8 22. Rxc7 Rae8 23. Nc3 Nf1 24. Rxb7 Rf7 25. Rb6+ Kg7 26. Bg5 Ng3 27. Bc4 Rxf3 28. b4 Rc8 29. Rb7+ Bf7 30. Bxf7 Rxf7 31. Rxf7+ Kxf7 32. Nd5 h5 33. Nf4 Rc4 34. Kb2 Nf5 35. Kb3 Rc6 36. Nxh5 Kg6 37. Nf4+ Kxg5 38. Nd5 Nd4+ 39. Ka4 Nxc2 40. Ne7 Rc3 41. Nd5 Rxa3# 0-1


[Site "https://www.chess.com"]

[Event "Titled Tuesday Blitz February 14 Late 2023"]
[White "Salem, A.R. Saleh"]
[Black "Toncheva, Nadya"]
[WhiteFideId "9301348"]
[BlackFideId "2924056"]
[WhiteElo "2677"]
[BlackElo "2295"]
[Result "1-0"]
[Round "01"]
[TimeControl "180+2"]
[Date "2023.02.14"]
[WhiteClock "0:00:16"]
[BlackClock "0:00:05"]

1. d4 d5 2. c4 dxc4 3. e4 e5 4. Nf3 Bb4+ 5. Nbd2 c3 6. bxc3 Bxc3 7. Rb1 exd4 8. Bc4 Nf6 9. e5 Ne4 10. O-O Nxd2 11. Bxd2 O-O 12. Bg5 Qd7 13. Bd3 Nc6 14. Qe2 Qg4 15. h3 Qh5 16. Be4 Nxe5 17. Rb5 Nxf3+ 18. Bxf3 Qg6 19. Be4 Qe6 20. Re5 Qd6 21. Be7 d3 22. Bxh7+ Kxh7 23. Rh5+ Kg8 24. Qe4 Qg6 25. Qh4 f6 26. Rh8+ Kf7 27. Bxf8 Be6 28. Qf4 d2 29. Qxc7+ 1-0


[Site "https://www.chess.com"]

[Event "Titled Tuesday Blitz February 14 Late 2023"]
[White "Strahov, Andrej"]
[Black "Deac, Bogdan-Daniel"]
[WhiteFideId "4165489"]
[BlackFideId "1226380"]
[WhiteElo "2398"]
[BlackElo "2700"]
[Result "0-1"]
[Round "01"]
[TimeControl "180+2"]
[Date "2023.02.14"]
[WhiteClock "0:00:21"]
[BlackClock "0:00:17"]

1. e4 g6 2. d4 Bg7 3. Nc3 c5 4. Nf3 Qa5 5. Be2 cxd4 6. Nxd4 Nc6 7. Be3 Nf6 8. O-O O-O 9. f3 d6 10. Qd2 Bd7 11. Rfd1 Rfc8 12. Nxc6 bxc6 13. Bc4 Rab8 14. Bb3 c5 15. e5 dxe5 16. Nd5 Qxd2 17. Rxd2 Nxd5 18. Rxd5 Bc6 19. Rxc5 e4 20. fxe4 Bxb2 21. Rf1 e6 22. Ra5 Rb7 23. Rxa7 Rxa7 24. Bxa7 Bxe4 25. Rf2 Bc3 26. Be3 Ra8 27. h3 Ra6 28. Bd2 Bd4 29. Kf1 Bxf2 30. Kxf2 Bxc2 0-1


[Site "https://www.chess.com"]

[Event "Titled Tuesday Blitz February 14 Late 2023"]
[White "Hakobyan, Aram"]
[Black "Bas Mas, Jose Joaquin"]
[WhiteFideId "13306677"]
[BlackFideId "22219064"]
[WhiteElo "2608"]
[BlackElo "2197"]
[Result "1-0"]
[Round "01"]
[TimeControl "180+2"]
[Date "2023.02.14"]
[WhiteClock "0:01:52"]
[BlackClock "0:01:27"]

1. e4 e6 2. d4 d5 3. Nc3 Nf6 4. Bg5 Be7 5. e5 Nfd7 6. Bxe7 Qxe7 7. f4 a6 8. Nf3 Nb6 9. Bd3 Bd7 10. O-O Nc6 11. Kh1 O-O-O 12. a3 Kb8 13. Qe2 Na5 14. b3 h6 15. Nd1 f5 16. exf6 gxf6 17. Ne3 Qd6 18. c4 Qxf4 19. c5 Nc8 20. g3 1-0


[Site "https://www.chess.com"]

[Event "Titled Tuesday Blitz February 14 Late 2023"]
[White "Zhang, Derek"]
[Black "Bortnyk, Olexandr"]
[WhiteFideId "2087871"]
[BlackFideId "14120828"]
[WhiteElo "2186"]
[BlackElo "2605"]
[Result "0-1"]
[Round "01"]
[TimeControl "180+2"]
[Date "2023.02.14"]
[WhiteClock "0:00:45"]
[BlackClock "0:01:46"]

1. Nf3 Nf6 2. c4 b6 3. Nc3 Bb7 4. e3 e6 5. b3 d5 6. Bb2 a6 7. d4 Bd6 8. Bd3 Nbd7 9. O-O O-O 10. Rc1 Qe7 11. Na4 dxc4 12. bxc4 c5 13. Qe2 cxd4 14. exd4 Rac8 15. Rfd1 Bf4 16. Rc2 Rfd8 17. Ne5 Nxe5 18. dxe5 Nd7 19. g3 Bh6 20. f4 g6 21. Rcd2 Qb4 22. Nc3 Nc5 23. Bb1 Rxd2 24. Rxd2 Bf8 25. h4 Na4 26. Be4 Nxc3 27. Bxc3 Qxc3 28. Bxb7 Qxg3+ 0-1


[Site "https://www.chess.com"]

[Event "Titled Tuesday Blitz February 14 Late 2023"]
[White "Lenderman, Aleksandr"]
[Black "Santos Flores, Alberto"]
[WhiteFideId "2021285"]
[BlackFideId "3601234"]
[WhiteElo "2572"]
[BlackElo "2164"]
[Result "1-0"]
[Round "01"]
[TimeControl "180+2"]
[Date "2023.02.14"]
[WhiteClock "0:01:00"]
[BlackClock "0:00:14"]

1. Nf3 c5 2. e3 g6 3. d4 Bg7 4. Be2 Nf6 5. O-O O-O 6. d5 e6 7. c4 exd5 8. cxd5 d6 9. Nc3 Bg4 10. e4 a6 11. a4 Re8 12. h3 Bxf3 13. Bxf3 Nbd7 14. Bf4 Qc7 15. Re1 Rab8 16. a5 b5 17. axb6 Rxb6 18. Ra2 Reb8 19. Qc2 Ne8 20. Be2 Qb7 21. Na4 Rb4 22. Bd2 Nc7 23. Bxb4 Qxb4 24. Rb1 Nb5 25. Bxb5 axb5 26. Nc3 Nb6 27. Ra6 Nc4 28. Na2 Qd2 29. Qxd2 Nxd2 30. Re1 Bxb2 31. Rxd6 c4 32. Rc6 b4 33. Nxb4 Rxb4 34. d6 Rb8 35. d7 Rd8 36. Rc8 Bf6 37. e5 Be7 38. Ra1 c3 39. Rxd8+ Bxd8 40. Ra8 Kg7 41. Rxd8 1-0


[Site "https://www.chess.com"]

[Event "Titled Tuesday Blitz February 14 Late 2023"]
[White "Ramirez Allo, Eduardo"]
[Black "Terry, Renato"]
[WhiteFideId "2224178"]
[BlackFideId "3803457"]
[WhiteElo "2274"]
[BlackElo "2520"]
[Result "0-1"]
[Round "01"]
[TimeControl "180+2"]
[Date "2023.02.14"]
[WhiteClock "0:00:19"]
[BlackClock "0:01:18"]

1. d4 d5 2. c4 dxc4 3. Nf3 Nf6 4. e3 e6 5. Bxc4 a6 6. O-O c5 7. dxc5 Bxc5 8. Qxd8+ Kxd8 9. Rd1+ Ke7 10. Be2 Nbd7 11. Nbd2 b6 12. Ne1 Bb7 13. Nd3 Rhd8 14. b3 Rac8 15. Nc4 b5 16. Na5 Ba8 17. Nxc5 Nxc5 18. Ba3 Nd5 19. Rac1 b4 20. Bb2 Ne4 21. Bxa6 Rxc1 22. Rxc1 Ndc3 23. a3 Rd2 24. Bxc3 bxc3 25. Nc4 Rxf2 26. Rxc3 Ra2 27. Rd3 Nc5 28. Rd2 Rxd2 29. Nxd2 Nxa6 30. Kf2 Nc5 31. Ke2 Bxg2 32. b4 Ne4 33. Nc4 f6 34. Kd3 e5 35. Nb6 Kd6 36. a4 Kc6 37. a5 Nd6 38. Kc3 Kb5 39. Na8 Bxa8 0-1


[Site "https://www.chess.com"]

[Event "Titled Tuesday Blitz February 14 Late 2023"]
[White "Svane, Rasmus"]
[Black "Kaplan, Avi Harrison"]
[WhiteFideId "4657101"]
[BlackFideId "30934559"]
[WhiteElo "2623"]
[BlackElo "2146"]
[Result "0-1"]
[Round "01"]
[TimeControl "180+2"]
[Date "2023.02.14"]
[WhiteClock "0:01:10"]
[BlackClock "0:00:14"]

1. Nf3 d6 2. d4 Nd7 3. e4 Ngf6 4. Nc3 e5 5. Bc4 Be7 6. a4 O-O 7. O-O h6 8. Re1 c6 9. h3 Qc7 10. Be3 Re8 11. Nd2 Nf8 12. f4 a6 13. a5 Be6 14. Qf3 Rad8 15. dxe5 dxe5 16. Bb6 Qb8 17. Bxd8 Rxd8 18. fxe5 Rxd2 19. Bxe6 Nxe6 20. exf6 Bxf6 21. Rad1 Rxc2 22. e5 Bxe5 23. Qe4 Bh2+ 24. Kh1 Rxb2 25. Rd7 Bg3 26. Rf1 Nc5 27. Qf5 Nxd7 28. Qxf7+ Kh8 29. Qxd7 Rf2 30. Re1 Qf8 31. Qd1 Rxg2 32. Re8 Rh2+ 33. Kg1 Qxe8 0-1


[Site "https://www.chess.com"]

[Event "Titled Tuesday Blitz February 14 Late 2023"]
[White "Krishnan, Varun"]
[Black "Sanal, Vahap"]
[WhiteFideId "5054508"]
[BlackFideId "6300545"]
[WhiteElo "2341"]
[BlackElo "2600"]
[Result "0-1"]
[Round "01"]
[TimeControl "180+2"]
[Date "2023.02.14"]
[WhiteClock "0:00:10"]
[BlackClock "0:01:18"]

1. e4 c5 2. Nf3 e6 3. d4 cxd4 4. Nxd4 a6 5. Be2 Nf6 6. Nc3 d6 7. O-O Be7 8. Be3 O-O 9. f4 Qc7 10. a4 Nbd7 11. Kh1 Re8 12. Qe1 b6 13. Qg3 Bb7 14. Bf3 Bf8 15. e5 Nd5 16. Nxd5 Bxd5 17. Bxd5 exd5 18. Nf5 g6 19. Nxd6 Bxd6 20. exd6 Qxd6 21. Bd4 Re4 22. c3 Rae8 23. Qg5 f6 24. Qh6 Qf8 25. Qh3 Nc5 26. Rad1 Nxa4 27. Qd7 Nxb2 28. Rb1 Nc4 29. Qxd5+ Qf7 30. Qxf7+ Kxf7 31. Rfd1 b5 32. g3 Re2 33. Rf1 Rc2 34. Rbe1 Ree2 35. Rxe2 Rxe2 36. Rf2 Rxf2 37. Bxf2 a5 38. Bc5 a4 0-1


[Site "https://www.chess.com"]

[Event "Titled Tuesday Blitz February 14 Late 2023"]
[White "Yoo, Christopher Woojin"]
[Black "Tworuszka, Michal"]
[WhiteFideId "30909694"]
[BlackFideId "1117858"]
[WhiteElo "2607"]
[BlackElo "2260"]
[Result "1/2-1/2"]
[Round "01"]
[TimeControl "180+2"]
[Date "2023.02.14"]
[WhiteClock "0:00:02"]
[BlackClock "0:00:12"]

1. f4 d5 2. Nf3 g6 3. g3 Bg7 4. Bg2 Nf6 5. O-O O-O 6. d3 b5 7. Qe1 Bb7 8. Nbd2 Nbd7 9. Nb3 c5 10. Na5 Ba6 11. a3 Qb6 12. Kh1 Rfe8 13. Ne5 Nxe5 14. fxe5 Ng4 15. Bxd5 e6 16. Bxa8 Rxa8 17. e4 Bxe5 18. h3 Nf6 19. Be3 Nh5 20. Bf2 Bxb2 21. Ra2 Bg7 22. Nb3 Rc8 23. Qe3 c4 24. Nc5 Rd8 25. Nxa6 Qxa6 26. g4 Nf6 27. Bh4 e5 28. Qf3 Rd6 29. g5 cxd3 30. cxd3 b4 31. gxf6 Rxd3 32. Qg4 Bf8 33. Rc2 h5 34. Qg2 b3 35. Rcf2 Qxa3 36. Rb1 b2 37. Rfxb2 Rxh3+ 38. Kg1 Rxh4 39. Qf2 Rg4+ 40. Kf1 Rf4 41. Qxf4 exf4 42. Rb8 Qf3+ 43. Kg1 Qg3+ 44. Kf1 Qf3+ 45. Kg1 Qg3+ 46. Kh1 Qf3+ 47. Kg1 1/2-1/2


[Site "https://www.chess.com"]

[Event "Titled Tuesday Blitz February 14 Late 2023"]
[White "Baghdasaryan, Vahe"]
[Black "Kollars, Dmitrij"]
[WhiteFideId "13303139"]
[BlackFideId "12909572"]
[WhiteElo "2257"]
[BlackElo "2607"]
[Result "1-0"]
[Round "01"]
[TimeControl "180+2"]
[Date "2023.02.14"]
[WhiteClock "0:01:17"]
[BlackClock "0:01:43"]

1. e4 c6 2. d4 d5 3. e5 Bf5 4. h4 h5 5. c4 e6 6. Nc3 dxc4 7. Bxc4 Be7 8. Nge2 Nd7 9. Be3 Nb6 10. Bb3 Nh6 11. g3 Ng4 12. Qd2 Nxe3 13. Qxe3 g5 14. hxg5 Bxg5 15. Qf3 Bg4 16. Qxg4 Rg8 17. Qxh5 Qd7 18. f4 Be7 19. f5 Nd5 20. fxe6 Qxe6 21. Nf4 Qd7 22. e6 1-0


[Site "https://www.chess.com"]

[Event "Titled Tuesday Blitz February 14 Late 2023"]
[White "Rasulov, Vugar"]
[Black "Ehlvest, Jaan"]
[WhiteFideId "13402390"]
[BlackFideId "4500016"]
[WhiteElo "2523"]
[BlackElo "2530"]
[Result "1-0"]
[Round "01"]
[TimeControl "180+2"]
[Date "2023.02.14"]
[WhiteClock "0:00:37"]
[BlackClock "0:00:03"]

1. d4 Nf6 2. c4 c5 3. d5 e6 4. Nc3 exd5 5. cxd5 d6 6. e4 g6 7. h3 Bg7 8. Nf3 O-O 9. Bd3 b5 10. Nxb5 Re8 11. O-O Nxe4 12. Re1 a6 13. Nc3 Nxc3 14. bxc3 Bxc3 15. Rxe8+ Qxe8 16. Rb1 Nd7 17. Qc2 Bg7 18. Bf4 Ne5 19. Bxe5 Bxe5 20. Re1 f6 21. Nd2 Qf7 22. Nc4 Bb7 23. Bf1 Re8 24. Rd1 f5 25. Na5 Bd4 26. Nc6 Bxc6 27. dxc6 d5 28. Bxa6 Qc7 29. a4 Qa5 30. Bf1 Kg7 31. Rb1 Re1 32. Rxe1 Qxe1 33. c7 Qe6 34. Qb3 Kh6 35. a5 Qd6 36. c8=Q 1-0


[Site "https://www.chess.com"]

[Event "Titled Tuesday Blitz February 14 Late 2023"]
[White "Jimenez Almeida, Luis David"]
[Black "Chigaev, Maksim"]
[WhiteFideId "22242244"]
[BlackFideId "4108116"]
[WhiteElo "2242"]
[BlackElo "2628"]
[Result "0-1"]
[Round "01"]
[TimeControl "180+2"]
[Date "2023.02.14"]
[WhiteClock "0:01:25"]
[BlackClock "0:01:29"]

1. e4 c5 2. Nc3 e6 3. g3 Nc6 4. Bg2 Nf6 5. Nge2 d5 6. d3 d4 7. Nb1 e5 8. h3 Bd6 9. a4 Be6 10. O-O Nd7 11. f4 f6 12. Na3 Qe7 13. Bd2 O-O-O 14. c3 Kb8 15. f5 Bf7 16. Nb5 c4 17. dxc4 Bxc4 18. Nxd6 Qxd6 19. b3 dxc3 20. bxc4 cxd2 21. Ra2 Nb6 22. Rc2 Nxa4 23. Kh2 Nb4 0-1


[Site "https://www.chess.com"]

[Event "Titled Tuesday Blitz February 14 Late 2023"]
[White "Sjugirov, Sanan"]
[Black "Riff, Vincent"]
[WhiteFideId "4189302"]
[BlackFideId "617776"]
[WhiteElo "2712"]
[BlackElo "2383"]
[Result "1-0"]
[Round "01"]
[TimeControl "180+2"]
[Date "2023.02.14"]
[WhiteClock "0:00:22"]
[BlackClock "0:01:31"]

1. d4 Nf6 2. c4 c5 3. d5 e5 4. Nc3 d6 5. e4 Be7 6. Nf3 Nbd7 7. h3 Nf8 8. Bd3 Ng6 9. g3 h5 10. h4 Ng4 11. Qe2 a6 12. Bd2 Bd7 13. Ng5 Rb8 14. f3 Nf6 15. Kf1 b5 16. cxb5 axb5 17. Nxb5 O-O 18. Kg2 Ne8 19. a4 Nc7 20. Ba5 Bxb5 21. Bxb5 Bxg5 22. Bxc7 Qxc7 23. hxg5 h4 24. Qe3 hxg3 25. Kxg3 Nf4 26. Qg1 Rxb5 27. Qh2 f5 28. axb5 Qe7 29. Qh7+ Kf7 30. Qxf5+ Kg8 31. Qh7+ Kf7 32. g6+ Nxg6 33. Qh5 Qf6 34. Ra7+ Ke8 35. Ra8+ Ke7 36. Rxf8 Kxf8 37. Qg4 Kg8 38. Qe6+ 1-0


[Site "https://www.chess.com"]

[Event "Titled Tuesday Blitz February 14 Late 2023"]
[White "Bochnicka, Vladimir"]
[Black "Zhigalko, Sergei"]
[WhiteFideId "14943450"]
[BlackFideId "13502956"]
[WhiteElo "2327"]
[BlackElo "2572"]
[Result "0-1"]
[Round "01"]
[TimeControl "180+2"]
[Date "2023.02.14"]
[WhiteClock "0:00:14"]
[BlackClock "0:01:37"]

1. e4 c5 2. Nf3 Nc6 3. d4 cxd4 4. Nxd4 Nf6 5. Nc3 e5 6. Ndb5 d6 7. Bg5 a6 8. Na3 b5 9. Nd5 Be7 10. Bxf6 Bxf6 11. c3 Bg5 12. Nc2 Ne7 13. a4 bxa4 14. h4 Bh6 15. Ncb4 O-O 16. Rxa4 a5 17. Nxe7+ Qxe7 18. Nd5 Qd8 19. Bc4 Kh8 20. Qb3 Bd7 21. Bb5 Be6 22. g3 Rb8 23. c4 f5 24. Qc3 fxe4 25. Qxa5 Bxd5 26. cxd5 e3 27. fxe3 Qc8 28. Bc6 Rxb2 29. Qc3 Rb1+ 30. Kd2 Rxh1 31. Ra8 Rh2+ 32. Kc1 0-1


[Site "https://www.chess.com"]

[Event "Titled Tuesday Blitz February 14 Late 2023"]
[White "Livaic, Leon"]
[Black "ArchibaldCerveza29"]
[WhiteFideId "14531534"]
[WhiteElo "2579"]
[BlackElo "2469"]
[Result "1-0"]
[Round "01"]
[TimeControl "180+2"]
[Date "2023.02.14"]
[WhiteClock "0:00:10"]
[BlackClock "0:00:04"]

1. e4 e5 2. f4 exf4 3. Nf3 Ne7 4. Bc4 d5 5. exd5 Nxd5 6. Bxd5 Qxd5 7. Nc3 Qf5 8. O-O Bd6 9. d4 O-O 10. Ne5 Bxe5 11. dxe5 Qxe5 12. Bxf4 Qc5+ 13. Kh1 Be6 14. Ne4 Qb6 15. Be5 Nd7 16. Bc3 Qe3 17. Re1 Qh6 18. Qf3 Rad8 19. Rad1 Qg6 20. h3 Nb6 21. Nc5 Bd5 22. Qf2 Rfe8 23. Nd3 Be4 24. Nf4 Qf5 25. Qg3 g6 26. Rxd8 Rxd8 27. Qh4 Re8 28. Kh2 Nd7 29. Nd3 Re6 30. Qd8+ Nf8 31. Qd4 f6 32. Nc5 Qf4+ 33. Kg1 Re8 34. Rxe4 Qc1+ 35. Kh2 Rxe4 36. Nxe4 Qf4+ 37. g3 Qc1 38. Nxf6+ Kf7 39. Qd5+ Kg7 40. Ng4# 1-0


[Site "https://www.chess.com"]

[Event "Titled Tuesday Blitz February 14 Late 2023"]
[White "Seletsky, Grigory"]
[Black "Indjic, Aleksandar"]
[WhiteFideId "14112191"]
[BlackFideId "911925"]
[WhiteElo "2259"]
[BlackElo "2618"]
[Result "0-1"]
[Round "01"]
[TimeControl "180+2"]
[Date "2023.02.14"]
[WhiteClock "0:00:24"]
[BlackClock "0:01:26"]

1. d4 Nf6 2. Nf3 e6 3. c3 b6 4. Bf4 Bb7 5. e3 d6 6. h3 Nbd7 7. Bh2 h6 8. Nbd2 g5 9. a4 a6 10. Bd3 Qe7 11. O-O Rg8 12. e4 g4 13. hxg4 Nxg4 14. Bg3 Ne3 15. Qe2 Nxf1 16. Rxf1 Bg7 17. e5 dxe5 18. dxe5 Bh8 19. Ne4 Rg4 20. Re1 Kf8 21. Nh2 Rxg3 22. Nxg3 Nxe5 23. Be4 Bxe4 24. Qxe4 Rd8 25. Qh7 Bg7 26. Nh5 f6 27. f4 Nd3 28. Re2 Qc5+ 29. Kf1 Qxh5 0-1


[Site "https://www.chess.com"]

[Event "Titled Tuesday Blitz February 14 Late 2023"]
[White "Perez Ponsa, Federico"]
[Black "Defend, Balint"]
[WhiteFideId "117927"]
[BlackFideId "17004853"]
[WhiteElo "2532"]
[BlackElo "1673"]
[Result "1-0"]
[Round "01"]
[TimeControl "180+2"]
[Date "2023.02.14"]
[WhiteClock "0:01:08"]
[BlackClock "0:00:15"]

1. e4 c5 2. Nf3 d6 3. d4 cxd4 4. Nxd4 Nf6 5. Nc3 a6 6. Be2 e5 7. Nb3 Be7 8. Bg5 Be6 9. Bxf6 Bxf6 10. Qd3 Be7 11. O-O-O Nd7 12. Nd5 Nf6 13. Nxf6+ Bxf6 14. Qxd6 Qxd6 15. Rxd6 Be7 16. Rdd1 b5 17. h3 O-O 18. Bg4 Bxg4 19. hxg4 Rfd8 20. c3 h6 21. Rxd8+ Rxd8 22. Rd1 Rxd1+ 23. Kxd1 Kf8 24. Na5 Ke8 25. Nc6 Bd6 26. a3 Kd7 27. Na5 Bc7 28. Nb3 Bb6 29. Ke2 Kc6 30. Nc1 a5 31. Nd3 Kd6 32. b4 a4 33. Nb2 Kc6 34. f3 g6 35. Kd3 Bf2 36. Nd1 Bb6 37. c4 bxc4+ 38. Kxc4 Bd4 39. Nc3 Bxc3 40. Kxc3 Kb5 41. Kd3 f6 42. Kc3 h5 43. gxh5 gxh5 44. g3 Kb6 45. Kc4 Ka6 46. Kc5 Kb7 47. b5 Ka7 48. Kb4 Kb6 49. Kxa4 1-0


[Site "https://www.chess.com"]